 Dungeon Crawl Stone Soup version 0.29-a0-270-g1586fc07ea (webtiles) character file.

Game seed: 16531128444708749978

1 Wyvernaa the Skirmisher (level 1, -1/23 HPs)
             Began as a Gnoll Wanderer on Mar 7, 2022.
             Slain by a hobgoblin (2 damage)
             ... on level 1 of the Dungeon.
             The game lasted 00:00:25 (30 turns).

Wyvernaa the Skirmisher (Gnoll Wanderer)              Turns: 30, Time: 00:00:26

Health: -1/23      AC:  3    Str: 14    XL:     1   Next: 20%
Magic:  4/4        EV: 11    Int: 11    God:
Gold:   0          SH:  0    Dex:  8    Spells: 4/5 levels left

rFire   . . .      SeeInvis .   a - +0 dagger
rCold   . . .      Faith    .   (no shield)
rNeg    . . .      Spirit   .   e - +0 leather armour
rPois   .          Reflect  .   (no helmet)
rElec   .          Harm     .   (no cloak)
rCorr   .          Rampage  .   (no gloves)
Will    .....                   (no boots)
Stlth   +.........              (no amulet)
HPRegen 0.07/turn               (no ring)
MPRegen 0.09/turn               (no ring)

@: no status effects
A: fangs 1, strong nose, distributed training
a: no special abilities


You were on level 1 of the Dungeon.
You visited 1 branch of the dungeon, and saw 1 of its levels.

Inventory:

Hand Weapons
 a - a +0 dagger (weapon)
Missiles
 b - 5 poisoned darts (quivered)
Armour
 e - a +0 leather armour (worn)
Scrolls
 c - a scroll of fog
 d - a scroll of teleportation


   Skills:
 + Level 6.4 Fighting
 + Level 0.0 Short Blades
 + Level 0.0 Long Blades
 + Level 0.0 Axes
 + Level 0.0 Maces & Flails
 + Level 0.0 Polearms
 + Level 0.0 Staves
 + Level 0.0 Slings
 + Level 0.0 Bows
 + Level 0.0 Crossbows
 + Level 2.3 Throwing
 + Level 4.4 Armour
 + Level 0.0 Dodging
 + Level 2.1 Stealth
 + Level 0.0 Shields
 + Level 0.0 Unarmed Combat
 + Level 2.6 Spellcasting
 + Level 0.0 Conjurations
 + Level 0.0 Hexes
 + Level 3.6 Summonings
 + Level 0.0 Necromancy
 + Level 0.0 Translocations
 + Level 0.0 Transmutations
 + Level 0.0 Fire Magic
 + Level 0.0 Ice Magic
 + Level 0.0 Air Magic
 + Level 0.0 Earth Magic
 + Level 0.0 Poison Magic
 + Level 0.0 Invocations
 + Level 0.0 Evocations


You had 4 spell levels left.
You knew the following spells:

 Your Spells              Type           Power      Damage    Failure   Level
a - Summon Small Mammal   Summ           36%        N/A       8%          1

Your spell library contained the following spells:

 Spells                   Type           Power      Damage    Failure   Level
 Call Canine Familiar     Summ           9%         N/A       22%         3
 Summon Ice Beast         Ice/Summ       5%         N/A       85%         4


Dungeon Overview and Level Annotations

Branches:
Dungeon (1/15)

Altars:


Innate Abilities, Weirdness & Mutations

You have very sharp teeth.
Your uncanny sense of smell can sniff out nearby items.
Your experience applies equally to all skills.


Message History

The endoplasm is lightly wounded.
The endoplasm freezes you.
You are frozen.
You hit the endoplasm.
The endoplasm is heavily wounded.
The hobgoblin hits you. The endoplasm freezes you.
You are frozen.
* * * LOW HITPOINT WARNING * * *
You hit the endoplasm.
The endoplasm is almost dead.
The hobgoblin hits you.
* * * LOW HITPOINT WARNING * * *
The endoplasm freezes you.
You are frozen.
* * * LOW HITPOINT WARNING * * *
You hit the endoplasm but do no damage.
You bite the endoplasm, but do no damage.
The endoplasm is almost dead.
The hobgoblin barely misses you. The endoplasm misses you.
You hit the endoplasm but do no damage.
The endoplasm is almost dead.
The hobgoblin barely misses you. The endoplasm completely misses you.
You hit the endoplasm.
You kill the endoplasm!
The hobgoblin hits you.
* * * LOW HITPOINT WARNING * * *
Throw: 7 darts (poison)
Press: ? - help, Q - select action, (/) - cycle Shift-Dir - straight line, f - hobgoblin
Aim: a hobgoblin (59% to hit)
You throw a poisoned dart. The poisoned dart hits the hobgoblin.
The hobgoblin is poisoned.
The hobgoblin barely misses you.
Throw: 6 darts (poison)
Press: ? - help, Q - select action, (/) - cycle Shift-Dir - straight line, f/p - hobgoblin
Aim: a hobgoblin (lightly wounded, poisoned, 59% to hit)
You throw a poisoned dart.
The poisoned dart barely misses the hobgoblin.
The hobgoblin hits you.
You die...

##.....##
##.......## ##
#....>....#
...+.........+
##...........#
#..#.....#..#
##...###.#
#.@#..#
##(g.## #..##
#...# ...#...
#...###...#
.#.g#..#..#.#
.S.###...##.#
... ..... .


You could see a hobgoblin (poisoned).

Vanquished Creatures
  An endoplasm (D:1)
1 creature vanquished.

Notes
Turn   | Place    | Note
-------+----------+-------------------------------------------
     0 | D:1      | Wyvernaa the Gnoll Wanderer began the quest for the Orb.
     0 | D:1      | Wyvernaa set off with the following items: a +0 dagger, 9
                  | poisoned darts, a scroll of fog, a scroll of teleportation,
                  | a +0 leather armour; and the following spell memorised:
                  | Summon Small Mammal; and the following spells available to
                  | memorise: Call Canine Familiar, Summon Ice Beast
     0 | D:1      | Reached XP level 1. HP: 23/23 MP: 4/4
    28 | D:1      | HP: 1/23 [hobgoblin (2)]
    30 | D:1      | Slain by a hobgoblin

Illustrated notes

Levels and vault maps discovered:
D:1:      saegor_arrival_fortress, layout_loops_corners,
          minmay_misc_feat_pillars, minmay_strange_pillars

Action                   || total
-------------------------++-------
Melee: Dagger            ||     8
       Bite              ||     1
Throw: Dart              ||     4
Dodge: Dodged            ||     6

Table legend: (Time is in decaauts)
 A = Elapsed time spent in this place.
 B = Non-inter-level travel time spent in this place.
 C = Inter-level travel time spent in this place.
 D = Time resting spent in this place.
 E = Time spent auto-exploring this place.
 F = Levels seen in this place.
 G = Mean time per level.
                   A        B        C        D        E       F      G
               +--------+--------+--------+--------+--------+-----+--------+
         Total |     29 |     29 |      0 |      0 |     14 |   1 |   29.0 |
       Dungeon |     29 |     29 |      0 |      0 |     14 |   1 |   29.0 |
               +--------+--------+--------+--------+--------+-----+--------+

Top non-repeatable levels by time:
     D:1: 29 daAuts
